 Dungeon Crawl Stone Soup version 0.30-a0-777-ga9a30cbeda (webtiles) character file.

Game seed: 10892828608688567810

140 retardedninja the Covered (level 5, -3/33 HPs)
             Began as a Gargoyle Fighter on Feb 14, 2023.
             Was an Initiate of Gozag.
             Killed from afar by Grinder (7 damage)
             ... with a bolt of dispelling energy
             ... on level 3 of the Dungeon.
             The game lasted 00:03:36 (2621 turns).

retardedninja the Covered (Gargoyle Fighter)        Turns: 2621, Time: 00:03:37

Health: -3/33      AC: 14    Str: 21    XL:     5   Next: 23%
Magic:  5/5        EV:  7    Int:  9    God:    Gozag
Gold:   238        SH:  4    Dex:  9    Spells: 4/4 levels left

rFire   . . .      SeeInvis .    a - +0 flail
rCold   . . .      Faith    .    c - +0 buckler
rNeg    + . .      Spirit   .    w - +0 chain mail
rPois   ∞          Reflect  .    (no helmet)
rElec   +          Harm     .    (no cloak)
rCorr   .          Rampage  .    f - +0 pair of gloves
Will    .....                    (no boots) Stlth
                                 (no amulet)
HPRegen 0.25/turn                (no ring)
MPRegen 0.09/turn                (no ring)

@: no status effects
A: sickness immunity, AC +4, negative energy resistance 1, electricity
resistance, torment resistance 1, petrification resistance
a: Renounce Religion, Potion Petition, Call Merchant, Bribe Branch


You were on level 3 of the Dungeon.
You worshipped Gozag.
Gozag was aware of your devotion.
You visited 1 branch of the dungeon, and saw 3 of its levels.

You collected 249 gold pieces.
You paid 11 gold pieces to Gozag.

Inventory:

Hand Weapons
 a - a +0 flail (weapon)
Armour
 b - a +0 scale mail
 c - a +0 buckler (worn)
 f - a +0 pair of gloves (worn)
 w - a +0 chain mail (worn)
Jewellery
 q - a +4 ring of protection
 t - a +4 ring of protection
Wands
 u - a wand of iceblast (10)
Scrolls
 g - a scroll of blinking {unknown}
 i - 6 scrolls of teleportation {unknown}
 j - a scroll of noise {unknown}
 m - 2 scrolls of identify {unknown}
 n - a scroll of immolation {unknown}
 r - 2 scrolls of fear {unknown}
 v - a scroll of vulnerability {unknown}
Potions
 d - 2 potions of might
 e - a potion of mutation {unknown}
 h - a potion of magic {unknown}
 k - a potion of invisibility {unknown}
 l - a potion of lignification {unknown}
 o - a potion of brilliance {unknown}
 p - 2 potions of degeneration {unknown}
 s - 2 potions of resistance {unknown}
 x - a potion of curing {unknown}


   Skills:
 + Level 4.2 Fighting
 + Level 3.0 Maces & Flails
 + Level 4.2 Armour
 + Level 4.2 Shields


You had 4 spell levels left.
You didn't know any spells.
Your spell library contained the following spells:

 Spells                   Type           Power      Damage    Failure   Level
 Ozocubu's Armour         Ice            0%         N/A       100%        3
 Olgreb's Toxic Radiance  Pois           0%         N/A       100%        4
 Ozocubu's Refrigeration  Ice            0%         4d7       100%        7
 Ignition                 Fire           0%         3d3       100%        8


Dungeon Overview and Level Annotations

Branches:
Dungeon (3/15)

Altars:
Gozag
Hepliaklqana

Annotations:
D:3 Grinder


Innate Abilities, Weirdness & Mutations

You are immune to sickness and miasma.
Your stone body is resilient. (AC +4)
You are immune to poison.
You resist negative energy. (rN+)
You are resistant to electric shocks. (rElec)
You are resistant to unholy torment.
You are immune to petrification.


Message History

You suddenly lose the ability to move!
Grinder zaps a wand.
The bolt of dispelling energy hits you!
Your magical effects are unravelling.
You can move again.
Unknown command.
Grinder gestures at you. You resist with significant effort.
You hit Grinder.
Grinder is moderately wounded.
Grinder gestures at you.
You barely resist. You sock Grinder!
Grinder is heavily wounded.
Grinder gestures at you. Pain shoots through your body!
Grinder hits you but does no damage.
You hit Grinder but do no damage.
Grinder is heavily wounded.
Grinder hits you but does no damage.
You barely miss Grinder.
Grinder is heavily wounded.
Grinder gestures at you.
You suddenly lose the ability to move!
Grinder gestures at you.
You shrug off the repeated paralysis!
Grinder hits you.
* * * LOW HITPOINT WARNING * * *
Grinder hits you but does no damage.
You can move again.
Unknown command.
Okay, then.
You hit Grinder.
Grinder is severely wounded.
Grinder hits you but does no damage.
Grinder zaps a wand.
The bolt of dispelling energy hits you.
* * * LOW HITPOINT WARNING * * *
You hit Grinder.
Grinder is severely wounded.
Grinder zaps a wand.
The bolt of dispelling energy hits you!
You die...
Your body crumbles into a pile of gold.

.........# #...#
########.# ##.##
#...# #.# #.# ##...#
#.# #.# .....###.# .#
.........# .........#
# ........## ######.#
##...#########.5@...#
#.............######
#...########### #####


You could see Grinder.

Vanquished Creatures
  An orc priest (D:3)
  3 adders
  3 worms
  A dart slug (D:1)
  3 orcs (D:3)
  6 endoplasms (D:1)
  A giant cockroach (D:3)
  3 goblins
  3 hobgoblins
  10 jackals
  2 quokkas
  9 ball pythons
  9 bats
  3 frilled lizards
  8 kobolds
  4 rats
69 creatures vanquished.

Notes
Turn   | Place    | Note
-------+----------+-------------------------------------------
     0 | D:1      | retardedninja the Gargoyle Fighter began the quest for the
                  | Orb.
     0 | D:1      | Reached XP level 1. HP: 14/14 MP: 1/1
   129 | D:1      | Reached XP level 2. HP: 12/19 MP: 2/2
   593 | D:1      | Reached XP level 3. HP: 14/23 MP: 3/3
   943 | D:2      | Reached XP level 4. HP: 27/29 MP: 4/4
  1116 | D:2      | Found an opulent altar of Gozag.
  1267 | D:2      | Became a worshipper of Gozag Ym Sagoz the Greedy
  1810 | D:3      | Reached XP level 5. HP: 15/33 MP: 5/5
  2418 | D:3      | Found a hazy altar of Hepliaklqana.
  2596 | D:3      | Noticed Grinder
  2598 | D:3      | Paralysed by Grinder for 5 turns
  2610 | D:3      | Paralysed by Grinder for 5 turns
  2616 | D:3      | Paralysed by Grinder for 4 turns
  2621 | D:3      | Killed from afar by Grinder

Illustrated notes

Levels and vault maps discovered:
D:1:      dpeg_arrival_water_temple_mockup, layout_rooms, serial_bayou,
          serial_bayou_pond_b, serial_bayou_crossing, serial_bayou_pond_e,
          serial_bayou_pond_b
D:2:      layout_basic, basic_altar
D:3:      layout_loops_ring, nicolae_hepliaklqana_hazy_memory, uniq_grinder

Skill      XL: |  1  2  3  4  5 |
---------------+----------------+-----
Armour         | 4 |  4.2
Fighting       | 4 |  4.2
Shields        | 4 |  4.2
Maces & Flails | 3 |  3.0

Action                     |  1- 3 |  4- 6 || total
---------------------------+-------+-------++-------
  Melee: Flail             |   117 |   115 ||   232
    Use: Potion            |       |     1 ||     1
 Armour: Scale mail        |   102 |    32 ||   134
         Chain mail        |       |    42 ||    42
  Dodge: Dodged            |    82 |    40 ||   122
  Block: Buckler           |    32 |    17 ||    49

Table legend: (Time is in decaauts)
 A = Elapsed time spent in this place.
 B = Non-inter-level travel time spent in this place.
 C = Inter-level travel time spent in this place.
 D = Time resting spent in this place.
 E = Time spent auto-exploring this place.
 F = Levels seen in this place.
 G = Mean time per level.
                   A        B        C        D        E       F      G
               +--------+--------+--------+--------+--------+-----+--------+
         Total |   2706 |   2643 |     63 |    705 |   1361 |   3 |  902.0 |
       Dungeon |   2706 |   2643 |     63 |    705 |   1361 |   3 |  902.0 |
               +--------+--------+--------+--------+--------+-----+--------+

Top non-repeatable levels by time:
     D:3: 1070 daAuts
     D:2: 830 daAuts
     D:1: 805 daAuts
